 Dungeon Crawl Stone Soup version 0.29.1-15-g9cfb28693d (webtiles) character file.

Game seed: 17214716853083510251

513 Heoruswealwe the Magician (level 7, -8/36 HPs)
             Began as a Deep Elf Conjurer on Mar 7, 2023.
             Was a Priest of Elyvilon.
             Shot with an arrow by a centaur (11 damage)
             ... on level 5 of the Dungeon.
             The game lasted 00:45:06 (3640 turns).

Heoruswealwe the Magician (Deep Elf Conjurer)       Turns: 3640, Time: 00:45:07

Health: -8/36      AC:  4    Str:  4    XL:     7   Next: 0%
Magic:  17/19      EV: 13    Int: 25    God:    Elyvilon [***...]
Gold:   54         SH:  0    Dex: 19    Spells: 12/20 levels left

rFire   + . .      SeeInvis .   f - +0 short sword
rCold   . . .      Faith    .   (no shield)
rNeg    . . .      Spirit   .   v - +1 robe {Will+}
rPois   .          Reflect  .   (no helmet)
rElec   .          Harm     .   k - +0 cloak
rCorr   .          Rampage  .   (no gloves)
Will    +....                   (no boots)
Stlth   +.........              (no amulet)
HPRegen 0.12/turn               l - ring of protection from fire
MPRegen 0.16/turn               c - +6 ring of dexterity

@: very slow
A: no striking features
a: Renounce Religion, Purification, Heal Other, Heal Self


You were on level 5 of the Dungeon.
You worshipped Elyvilon.
Elyvilon was most pleased with you.
You visited 1 branch of the dungeon, and saw 6 of its levels.
You also visited: Sewer.

You collected 258 gold pieces.
You spent 204 gold pieces at shops.

Inventory:

Hand Weapons
 f - a +0 short sword (weapon)
 h - a +0 war axe
Armour
 k - a +0 cloak (worn)
 v - a +1 robe of willpower (worn)
Magical Staves
 y - a staff of earth
Jewellery
 c - a +6 ring of dexterity (right hand)
 l - a ring of protection from fire (left hand)
Wands
 m - a wand of polymorph (5)
Scrolls
 a - a scroll of silence {unknown}
 i - 2 scrolls of blinking {unknown}
 u - a scroll of magic mapping {unknown}
 x - a scroll of teleportation
Potions
 b - 3 potions of magic
 d - 4 potions of lignification {unknown}
 e - 5 potions of curing {unknown}
 g - a potion of berserk rage {unknown}
 j - a potion of attraction {unknown}
 n - 3 potions of cancellation {unknown}
 o - 2 potions of heal wounds {unknown}
 p - a potion of resistance {unknown}
 q - a potion of degeneration {unknown}
 r - a potion of haste {unknown}
 s - a potion of might {unknown}
 t - a potion of brilliance {unknown}
 w - 2 potions of flight {unknown}
 z - a potion of invisibility {unknown}


   Skills:
 - Level 2.4 Dodging
 - Level 2.4 Stealth
 + Level 7.4 Spellcasting
 + Level 7.2 Conjurations


You had 12 spell levels left.
You knew the following spells:

 Your Spells              Type           Power      Damage    Failure   Level
a - Magic Dart            Conj           100%       1d8       1%          1
b - Searing Ray           Conj           90%        2d7       1%          2
c - Iskenderun's Battles  Conj           45%        2d10      9%          5

Your spell library contained the following spells:

 Spells                   Type           Power      Damage    Failure   Level
 Shock                    Conj/Air       100%       1d9       1%          1
 Dazzling Flash           Conj/Hex       54%        N/A       4%          3
 Fulminant Prism          Conj/Hex       13%        3d9       14%         4
 Iskenderun's Mystic Bla  Conj/Tloc      27%        2d7       14%         4
 Swiftness                Air            9%         N/A       19%         3
 Tukima's Dance           Hex            9%         N/A       19%         3
 Fireball                 Conj/Fire      13%        3d7       38%         5
 Airstrike                Air            4%         2d(1-17)  54%         4
 Passage of Golubria      Tloc           9%         N/A       54%         4
 Yara's Violent Unravell  Hex/Tmut       4%         3d4       87%         5
 Conjure Ball Lightning   Conj/Air       13%        3x3d6     92%         6
 Orb of Destruction       Conj           22%        9d8       95%         7


Dungeon Overview and Level Annotations

Branches:
Dungeon (6/15)              Sewer (visited)
 Temple: D:4-7

Altars:
Elyvilon

Shops:
D:2 *

Annotations:
D:4 1 runed translucent door, u553311's ghost, amateur DEHu


Message History

A white imp comes into view.
The white imp shouts!
The magic dart hits the white imp.
The white imp is heavily wounded.
The magic dart hits the white imp.
The white imp is almost dead.
The white imp gestures at you. The puff of frost misses you.
The magic dart hits the white imp but does no damage.
The white imp is almost dead.
The white imp gestures at you. The puff of frost hits you.
The magic dart hits the white imp.
You kill the white imp!
You have reached level 7!
Found a scale mail.
You can now provide healing for yourself.
You enter the shallow water.
Moving in this stuff is going to be slow.
You enter the shallow water.
Moving in this stuff is going to be slow.
A centaur comes into view.
The centaur wields a +0 shortbow.
The centaur shoots an arrow.
The arrow completely misses you.
The centaur shoots an arrow.
The arrow hits you!
The centaur shoots an arrow.
The arrow hits you.
A hound comes into view.
The hound barks!
The centaur shoots an arrow.
The arrow misses you.
The centaur shoots an arrow.
The arrow closely misses you.
You hear an angry hiss.
As you read the scroll of teleportation, it crumbles to dust.
You feel strangely unstable.
The centaur shoots an arrow.
The arrow hits you!
The centaur shoots an arrow.
The arrow hits you!
* * * LOW HITPOINT WARNING * * *
The centaur shoots an arrow.
The arrow closely misses you.
Your surroundings seem slightly different.
Splash!
The centaur shoots an arrow.
The arrow hits you!
You die...

#~≈≈~##
#~≈≈~#
#~≈≈~##
#~≈≈~~#
#~~≈≈~# #
##§≈≈~#.#
#~≈≈~~.##.
#~~≈≈~....
##@≈≈~~##
#~~≈≈h#
##~≈≈~#
~c~~#
....#
###.# ..
##


You could see a centaur and a hound.

Vanquished Creatures
  A necrophage (D:4)
  2 scorpions
  2 jellies (Sewer)
  Ijyb (D:4)
  4 gnolls (D:2)
  6 adders
  4 river rats (Sewer)
  A white imp (D:5)
  2 dart slugs
  8 ball pythons
  6 bats
  17 endoplasms
  A giant cockroach (D:4)
  5 goblins
  9 hobgoblins
  10 jackals
  6 quokkas
  8 frilled lizards
  3 kobolds
  9 rats
105 creatures vanquished.

Vanquished Creatures (others)
  19 fungi (D:1)
  48 plants (D:3)
67 creatures vanquished.

Grand Total: 172 creatures vanquished

Notes
Turn   | Place    | Note
-------+----------+-------------------------------------------
     0 | D:1      | Heoruswealwe the Deep Elf Conjurer began the quest for the
                  | Orb.
     0 | D:1      | Reached XP level 1. HP: 10/10 MP: 6/6
   219 | D:1      | Reached XP level 2. HP: 15/15 MP: 4/8
   694 | D:1      | Learned a level 2 spell: Searing Ray
   955 | D:2      | You fall into a shaft and drop 2 floors!
   973 | D:4      | Reached skill level 5 in Conjurations
   973 | D:4      | Reached XP level 3. HP: 19/19 MP: 8/10
  1074 | D:4      | Noticed a necrophage
  1081 | D:4      | Killed a necrophage
  1082 | D:4      | Reached skill level 5 in Spellcasting
  1082 | D:4      | Reached XP level 4. HP: 12/24 MP: 2/13
  1171 | D:4      | Noticed Ijyb
  1227 | D:4      | Killed Ijyb
  1299 | D:4      | Reached XP level 5. HP: 26/28 MP: 2/14
  1313 | D:4      | Noticed u553311's ghost (amateur DEHu)
  1314 | D:4      | Noticed a water moccasin
  1357 | D:4      | Found a glowing drain.
  1366 | Sewer    | Entered a sewer
  1835 | Sewer    | Reached XP level 6. HP: 32/32 MP: 7/17
  1845 | Sewer    | Found a viscous altar of Jiyva.
  2053 | D:4      | Found a runed translucent gate.
  2090 | D:3      | Found a faded altar of an unknown god.
  2093 | D:3      | Prayed at the altar of an unknown god.
  2093 | D:3      | Became a worshipper of Elyvilon the Healer
  2093 | D:3      | Reached * piety under Elyvilon
  2122 | D:2      | Found Xoux's Assorted Antiques.
  2335 | D:2      | Bought an emerald ring for 115 gold pieces
  2335 | D:2      | Bought a fizzy yellow potion for 20 gold pieces
  2844 | D:3      | Reached ** piety under Elyvilon
  3423 | D:2      | Bought a scroll of teleportation for 69 gold pieces
  3437 | D:2      | You fall into a shaft and drop 1 floor!
  3448 | D:3      | You fall into a shaft and drop 3 floors!
  3528 | D:6      | Learned a level 5 spell: Iskenderun's Battlesphere
  3531 | D:5      | Entered Level 5 of the Dungeon
  3606 | D:5      | Reached XP level 7. HP: 29/36 MP: 9/19
  3613 | D:5      | Reached *** piety under Elyvilon
  3640 | D:5      | Shot with an arrow by a centaur

Illustrated notes

Levels and vault maps discovered:
D:1:      nzn_arrival_water_spiral, layout_basic, dreamdust_mushroom_princess,
          minmay_misc_feat_columns
D:2:      layout_rooms, serial_shops, nicolae_square_shop, st_stairs_11,
          minmay_hexomino_f4
D:3:      layout_rooms, hellmonk_ecumenical_altar_inner_sanctum, serial_bayou,
          serial_bayou_shore_a, serial_bayou_shore_b, serial_bayou_shore_b,
          serial_bayou_pond_e, serial_bayou_crossing
D:4:      old_forge, layout_basic, tso_oasis_becter, portal_sewer_entry_d,
          gammafunk_ghost_split, minmay_crystal_room, uniq_ijyb
D:5:      wander_river, layout_basic, minmay_between
D:6:      layout_cave_pools, mainiacjoe_overflow_six_doors_small,
          minmay_temple_entry_enclosed_plants

Skill      XL: |  1  2  3  4  5  6 |
---------------+-------------------+-----
Spellcasting   | 4 5 6 7 |  7.4
Conjurations   | 5 6 7 |  7.2
Dodging        | |  2.4
Stealth        | |  2.4

Action                   |  1- 3 |  4- 6 |  7- 9 || total
-------------------------+-------+-------+-------++-------
Melee: Short sword       |    88 |   203 |       ||   291
       Punch             |     2 |     3 |       ||     5
 Cast: Magic Dart        |    49 |   157 |       ||   206
       Searing Ray       |     1 |    11 |       ||    12
  Use: Scroll            |       |     6 |     1 ||     7
Armor: Robe              |     2 |     1 |       ||     3
Dodge: Dodged            |     4 |    29 |     4 ||    37
